Map: Prion Terraces

Players

Jeester

  • Race: Zerg Zerg
  • League: Platinum

LilDicky - Winner!

  • Race: Terran Terran
  • League: Diamond

VOD

http://www.twitch.tv/tumescentpie

Description

Time

  • Played on: Dec. 2, 2015, 1:34 p.m.
  • Length: 15:29
Show
View Real Time Build Order
Export as new Build Order

Jeester Zerg 

Build Orders: Pool First 

Get SALT Encoding   

  12  0:01  Drone  
  13  0:08  Drone  
  14  0:17  Overlord  
  14  0:26  Drone, Extractor  
  15  0:35  Drone x2  
  17  0:46  Spawning Pool  
  17  0:49  Drone  
  17  0:52  Extractor  
  17  0:55  Drone  
  18  1:20  Hatchery, Drone  
  18  1:21  Drone  
  19  1:32  Queen  
  19  1:38  Spine Crawler  
  20  1:43  Overlord  
  20  1:47  Drone  
  21  1:56  Drone  
  22  2:02  Drone, Extractor  
  22  2:09  Queen  
  24  2:18  Drone  
  25  2:29  Drone  
  25  2:33  Drone x2  
  27  2:42  Zergling x2  
  28  2:45  Drone  
  29  3:03  Drone x2  
  29  3:04  Drone x2  
  33  3:07  Extractor  
  33  3:10  Roach Warren  
  31  3:14  Overlord  
  31  3:20  Drone  
  31  3:26  Drone x2  
  34  3:27  Drone  
  34  3:28  Drone  
  34  3:31  Metabolic Boost  
  34  3:33  Drone  
  37  3:34  Drone  
  37  3:35  Drone x2  
  37  3:39  Extractor  
  39  3:46  Overlord  
  39  3:47  Overlord  
  39  3:48  Overlord  
  39  3:56  Overlord  
  39  4:03  Overlord  
  39  4:11  Overlord  
  39  4:25  Roach x4  
  39  4:26  Roach x5  
  57  4:32  Roach  
  57  4:33  Roach x2  
  57  4:37  Roach x2  
  67  5:00  Zergling x2  
  67  5:01  Zergling x16  
  67  5:07  Lair  
  76  5:13  Overlord  
  76  5:16  Overlord  
  76  5:20  Hatchery  
  52  5:43  Roach  
  52  5:44  Roach x6  
  52  5:45  Roach x2  
  66  5:50  Zergling x2  
  66  5:56  Zergling x6  
  64  6:21  Drone x4  
  64  6:22  Drone  
  69  6:26  Drone, Spire  
  69  6:27  Drone  
  69  6:30  Drone x5  
  75  6:43  Queen  
  75  6:45  Drone x2  
  79  6:50  Drone x2  
  79  6:53  Drone  
  79  6:54  Drone x2  
  84  6:56  Extractor  
  83  7:03  Drone x5  
  83  7:04  Drone  
  83  7:05  Overlord x2, Extractor  
  83  7:07  Extractor  
  87  7:29  Drone x5  
  92  7:32  Drone  
  92  7:33  Drone x2  
  92  7:34  Overlord  
  95  7:46  Zerg Flyer Weapons Level 1  
  95  7:53  Mutalisk x7  
  95  7:54  Mutalisk  
  95  7:58  Zergling x6  
  114  7:59  Zergling x2  
  114  8:02  Hatchery  
  114  8:11  Mutalisk x2  
  118  8:13  Zergling x6  
  118  8:15  Overlord x3  
  121  8:28  Overlord  
  121  8:32  Overlord  
  121  8:49  Mutalisk x4  
  121  8:51  Corruptor x2  
  133  8:59  Mutalisk x2  
  131  9:19  Mutalisk x3  
  137  9:26  Zergling x2  
  137  9:27  Zergling x14  
  145  9:31  Drone  
  145  9:32  Drone x2  
  146  10:08  Mutalisk  
  146  10:09  Mutalisk x3  
  146  10:10  Zergling x8  
  146  10:11  Zergling x2  
  146  10:12  Overlord x3  
  129  10:28  Mutalisk x2  
  129  10:29  Mutalisk x4  
  131  10:45  Drone x3  
  131  10:46  Drone x6  
  140  10:59  Baneling Nest  
  140  11:02  Evolution Chamber  
  140  11:03  Evolution Chamber  
  140  11:04  Extractor  
  136  11:06  Extractor  
  129  11:34  Mutalisk  
  129  11:35  Mutalisk x6  
  129  11:36  Mutalisk x3  
  129  11:37  Zergling x8  
  129  11:38  Zergling x4  
  143  12:04  Mutalisk x4  
  151  12:17  Drone x6  
  157  12:23  Zerg Flyer Weapons Level 2  
  157  12:25  Mutalisk x2  
  161  12:37  Zergling x2  
  161  12:38  Zergling x14  
  167  12:59  Mutalisk x3  
  167  13:00  Mutalisk x5  
  167  13:01  Zergling x2  
  182  13:08  Zergling x10  
  182  13:09  Zergling x6  
  182  13:11  Zergling x2  
  171  13:22  Corruptor x4  
  179  13:38  Mutalisk  
  179  13:39  Mutalisk x2  
  183  13:42  Overlord x2  
  148  13:59  Mutalisk x5  
  123  14:02  Zergling x2  
  123  14:03  Zergling x12  
  123  14:07  Zergling x8  
  121  14:12  Zergling x4  
  104  14:36  Zergling x2  
  104  14:37  Zergling x20  
  93  14:50  Infestation Pit  
  79  14:54  Roach x7  
  79  14:55  Roach x5  
  79  14:58  Mutalisk  
Show
View Real Time Build Order
Export as new Build Order

LilDicky Terran - Winner!

Build Orders:  

Get SALT Encoding   

  12  0:02  SCV  
  13  0:14  SCV  
  13  0:17  Supply Depot  
  14  0:26  SCV  
  15  0:32  Refinery  
  15  0:39  SCV  
  16  0:45  Barracks  
  16  0:51  SCV  
  17  1:03  SCV  
  18  1:15  SCV  
  19  1:27  SCV  
  21  1:32  Reaper  
  22  1:41  Orbital Command  
  21  1:52  Command Center  
  21  2:01  Supply Depot  
  21  2:07  Factory  
  21  2:11  SCV  
  21  2:13  Barracks Tech Lab  
  22  2:28  SCV  
  23  2:32  Marine  
  24  2:38  Refinery  
  24  2:41  SCV  
  25  2:53  SCV  
  26  3:13  Starport  
  26  3:15  Barracks Reactor  
  26  3:17  Siege Tank  
  29  3:22  Command Center  
  29  3:33  SCV  
  30  3:35  Orbital Command  
  30  3:43  Command Center  
  30  3:45  SCV  
  31  3:52  Marine x2  
  33  3:57  SCV  
  34  4:07  Siege Tank  
  37  4:10  Marine x2  
  37  4:14  SCV  
  40  4:22  SCV  
  41  4:25  Refinery  
  41  4:26  SCV  
  41  4:27  Marine  
  41  4:28  Marine  
  41  4:31  Refinery  
  44  4:35  Engineering Bay  
  44  4:49  Siege Tank, Marine  
  44  4:50  Marine  
  49  4:54  SCV  
  50  5:03  Planetary Fortress  
  50  5:09  Marine  
  50  5:10  SCV  
  50  5:11  SCV  
  53  5:15  Orbital Command  
  53  5:17  Bunker  
  53  5:20  Terran Infantry Weapons Level 1  
  53  5:21  Siege Tank  
  56  5:22  SCV  
  56  5:23  SCV  
  40  5:47  Marine  
  40  5:48  Marine  
  34  5:52  Starport  
  34  5:53  Siege Tank  
  29  6:03  Orbital Command  
  29  6:05  Marine  
  29  6:08  Refinery  
  29  6:09  Orbital Command  
  29  6:10  Refinery  
  30  6:13  SCV  
  31  6:19  Liberator  
  31  6:24  Marine  
  32  6:38  Orbital Command  
  35  6:42  SCV  
  35  6:43  Missile Turret  
  35  6:46  SCV x2  
  38  6:54  SCV  
  38  6:55  Marine x2  
  38  6:56  Siege Tank  
  38  6:58  SCV x2  
  46  7:06  SCV x2  
  48  7:10  SCV x2  
  48  7:11  Supply Depot  
  50  7:18  SCV  
  50  7:19  SCV  
  50  7:22  SCV  
  53  7:28  Siege Tank  
  58  7:31  SCV  
  58  7:32  Missile Turret  
  58  7:34  SCV, Missile Turret  
  58  7:35  Missile Turret  
  60  7:39  Liberator x2  
  58  7:46  Barracks Reactor  
  58  7:47  Terran Infantry Armor Level 1, Engineering Bay  
  58  7:48  Barracks x2  
  58  7:49  Barracks  
  58  7:50  Armory, SCV  
  65  7:58  SCV  
  65  7:59  SCV  
  65  8:00  Siege Tank  
  65  8:03  Missile Turret  
  70  8:11  SCV x3  
  73  8:14  SCV, Refinery  
  73  8:15  Refinery  
  74  8:23  SCV x2  
  74  8:25  Marine x2  
  74  8:26  SCV x2  
  80  8:35  Barracks Tech Lab  
  80  8:37  Barracks Reactor, Barracks Tech Lab  
  80  8:40  Terran Infantry Weapons Level 2  
  80  8:42  Liberator x2  
  80  8:43  Marine x2  
  79  9:01  Marine x2  
  81  9:11  Marine x2  
  81  9:12  Marine  
  81  9:14  Stimpack  
  81  9:24  SCV x2, Missile Turret x2  
  81  9:25  Liberator  
  83  9:32  Marine  
  83  9:35  Barracks Reactor, Combat Shields  
  84  9:40  Marine x3  
  84  9:41  Supply Depot  
  84  9:42  Supply Depot, Terran Infantry Armor Level 2  
  90  9:46  Liberator  
  90  9:47  Orbital Command  
  90  9:48  Supply Depot, SCV  
  90  9:49  Marine  
  92  9:58  Marine x2  
  92  9:59  Marine  
  95  10:07  Marine  
  96  10:26  Liberator  
  79  10:28  Liberator  
  79  10:33  Marine x3  
  56  10:43  Marine  
  56  10:44  Marine x2  
  56  10:45  SCV x3  
  68  10:50  Marine  
  68  10:51  Marine  
  68  10:54  Marine  
  71  11:01  Marine  
  71  11:02  Marine x2  
  74  11:08  Marine x2  
  74  11:09  Thor  
  82  11:12  Marine  
  81  11:19  Marine  
  81  11:20  Marine  
  81  11:22  Liberator x2  
  81  11:24  Marine  
  81  11:25  Concussive Shells  
  83  11:26  Marine  
  82  11:40  Marine x3  
  82  11:42  Marine  
  82  11:43  SCV x2  
  82  11:44  SCV  
  82  11:45  SCV, Marine  
  91  11:53  Barracks x2  
  91  11:55  Terran Infantry Weapons Level 3, Barracks  
  91  12:08  Marine x2  
  88  12:09  Marine x3  
  88  12:11  SCV  
  93  12:22  Missile Turret x3  
  93  12:23  Missile Turret x3  
  93  12:24  Medivac x2  
  93  12:25  Missile Turret x2  
  93  12:26  SCV, Marine x2  
  93  12:29  Refinery  
  100  12:30  Refinery, Missile Turret  
  100  12:32  Missile Turret x2  
  100  12:49  SCV, Supply Depot, Marine x5  
  100  12:50  Supply Depot  
  98  13:00  Liberator x2  
  91  13:07  Marauder, Marine x2  
  94  13:15  Marine x2  
  102  13:21  SCV x3  
  102  13:23  SCV  
  106  13:29  Marauder  
  106  13:33  SCV  
  109  13:44  Marine x5  
  114  13:50  Liberator, Marauder  
  114  13:51  Liberator  
  104  14:02  Marine x4  
  91  14:06  Marine  
  91  14:07  Marine x2  
  95  14:39  Marine  
  95  14:40  Marine x7  
  103  14:56  Medivac  
  103  14:57  Marine, Medivac  
  103  14:58  Marauder, Marine x4  
Tags
 
Add a new tag
Caveats
  • Supply blocks, unpowered buildings, or Contaminate may cause inaccurate times.
  • Supply counts are checked every 10 seconds.